 Dungeon Sprint DCSS version 0.30-a0-802-gb92711bcdf (webtiles) character file.

Game seed: 2192365825488261246

7800000 BigDaddyOpFi the Intangible (level 27, -34/202 (228) HPs)
             Began as a Djinni Summoner on Feb 23, 2023.
             Was the Champion of Makhleb.
             Killed from afar by a wretched soul (85 damage)
             ... with a bolt of negative energy
             ... in the Dungeon (Sprint VIII: "Arena of Blood").
             The game lasted 00:01:50 (78 turns).

BigDaddyOpFi the Intangible (Djinni Summoner)         Turns: 78, Time: 00:01:51

HP:   -34/202 (228) AC:  4    Str:  7    XL:     27
Gold: 0             EV: 39    Int: 19    God:    Makhleb [******] SH:  0 Dex: 26

rFire   + + .      SeeInvis .    g - +∞ Axe of Woe
rCold   x . .      Faith    .    (shield currently unavailable)
rNeg    . . .      Spirit   .    a - +0 robe
rPois   ∞          Reflect  .    (no helmet)
rElec   .          Harm     .    (no cloak)
rCorr   .          Rampage  .    (no gloves)
Will    ++...      NoTele   +    (boots unavailable)
Stlth   ++++++++++               (no amulet)
HPRegen 0.53/turn                (no ring)
MPRegen 0.00/turn                (no ring)

@: flying, heavily drained
A: sickness immunity, fire resistance 2, cold vulnerability 1, float, innate
caster, HP casting, extra vitality 1
a: Renounce Religion, Minor Destruction, Lesser Servant of Makhleb, Major
Destruction, Greater Servant of Makhleb


You were in the Dungeon.
You worshipped Makhleb.
Makhleb was exalted by your worship.
You visited 1 branch

Inventory:

Hand Weapons
 g - the +∞ Axe of Woe (weapon)
   (You found it in the Dungeon)
Armour
 a - a +0 robe (worn)
Scrolls
 f - a scroll of blinking
Potions
 b - a potion of curing
 d - a potion of haste
 e - a potion of berserk rage


   Skills:
 O Level 27 Fighting
 O Level 27 Short Blades
 O Level 27 Long Blades
 O Level 27 Axes
 O Level 27 Maces & Flails
 O Level 27 Polearms
 O Level 27 Staves
 + Level 25.4 Ranged Weapons
 + Level 25.4 Throwing
 O Level 27 Armour
 O Level 27 Dodging
 O Level 27 Stealth
 O Level 27 Shields
 O Level 27 Unarmed Combat
 O Level 27 Spellcasting
 O Level 27 Invocations
 O Level 27 Evocations


You knew the following spells:

 Your Spells              Type           Power      Damage    Failure   Level
a - Summon Small Mammal   Summ           100%       N/A       0%          1
b - Call Imp              Summ           91%        N/A       0%          2
c - Call Canine Familiar  Summ           91%        N/A       0%          3
d - Summon Guardian Gole  Hex/Summ       91%        N/A       0%          3
e - Summon Lightning Spi  Summ/Air       91%        N/A       0%          4
f - Necrotise             Necr           100%       1d9       0%          1
g - Searing Ray           Conj           100%       2d8       0%          2
h - Ensorcelled Hibernat  Hex/Ice        100%       N/A       0%          2
i - Swiftness             Air            91%        N/A       0%          3
j - Sticky Flame          Conj/Fire      91%        2d10      0%          4
k - Lightning Bolt        Conj/Air       45%        1d65      0%          5
l - Dispersal             Tloc           45%        N/A       0%          6
m - Summon Hydra          Summ           45%        N/A       0%          7
n - Spellforged Servitor  Conj/Summ      45%        N/A       0%          7
o - Ozocubu's Refrigerat  Ice            45%        4d17      0%          7
p - Infestation           Necr           45%        N/A       1%          8
q - Maxwell's Capacitive  Air            45%        ∞         1%          8
r - Death's Door          Necr           45%        N/A       1%          9
Your spell library was empty.

Dungeon Overview and Level Annotations

Branches:
Dungeon (1/1)

Altars:
Makhleb


Innate Abilities, Weirdness & Mutations

You are immune to sickness and miasma.
You are immune to poison.
Your flesh is very heat resistant. (rF++)
You are vulnerable to cold. (rC-)
You float through the air rather than walking.
You learn spells naturally, not from books.
Your magical power is your life essence.
You have superior vitality. (+4 MHP)


Message History

Unknown command.
You are engulfed in blazing flames.
You resist.
You hear a shout! x8
The destroyer points at you and mumbles some strange words.
The destroyer blinks!
You hear a shout! x2
The bag of meat is engulfed in blazing flames.
You hear a shout! x2
Unknown command.
You hit the bag of meat.
You cleave the bag of meat in twain.
You kill the bag of meat!
Makhleb accepts your kill.
You feel better.
You slice the destroyer!!
You fatally mangle the destroyer.
You destroy the destroyer!
Makhleb accepts your kill.
You are engulfed in blazing flames.
You resist.
You hear a skittering sound.
You hear a shout! x4
An accursed comes into view.
A meat berserker comes into view. It is wielding a +9 battleaxe.
A bolt of negative energy appears from out of thin air!
Deactivating autopickup; reactivate with Ctrl-A.
The bolt of negative energy hits you!!!!
You feel drained.
You hear a shout! x4; You hear two shouts!
You hear a shout!
Your life force feels restored.
You have mastered Short Blades!
You have mastered Long Blades!
Your Ranged Weapons skill increases to level 25!
Your Throwing skill increases to level 25!
Unknown command.
You are engulfed in blazing flames.
You resist.
You hear a shout! x4
A meat berserker comes into view. It is wielding a +9 battleaxe.
You hear a shout! x3
The eight-headed meat hydra calls on the powers of darkness!
The eight-headed meat hydra convulses!
Your body is wracked with pain!
* * * LOW HITPOINT WARNING * * *
A bolt of negative energy appears from out of thin air!
The bolt of negative energy hits you!!!!
You feel drained.
You die...

.. ..... #..
..D# #.. ...# .
.###.. ...###..
......###V.....
......_.....
#.{)).# #☼§☼°_#
#)@)☼.#
VOO§.o§○○)......
O.O...V###......
.M###.. ...###..
. #.. ...# . #..
.oO# ... .....
.... .O


You could see an accursed (wandering), an eight-headed meat hydra, 3 destroyers,
a large bag of meat (inner flame), 3 meat berserkers and a bag of meat.

Vanquished Creatures
  2 hell beasts (D)
  A royal mummy (D)
  9 vampire knights (D)
  22 ogres (D)
  4 two-headed ogres (D)
  2 liches (D)
  A hydra (D)
  39 orcs (D)
  3 skeletal warriors (D)
83 creatures vanquished.

Notes
Turn   | Place    | Note
-------+----------+-------------------------------------------
     0 | D        | Found the +∞ Axe of Woe
     0 | D        | BigDaddyOpFi the Djinni Summoner began the quest for the
                  | Orb.
     0 | D        | BigDaddyOpFi set off with the following spells memorised:
                  | Summon Small Mammal, Call Imp, Call Canine Familiar, Summon
                  | Guardian Golem, Summon Lightning Spire.
     0 | D        | Reached XP level 1. HP: 15/15 MP: 0/0
     2 | D        | Noticed a bag of meat
     2 | D        | Noticed a bag of meat
     4 | D        | Became a worshipper of Makhleb the Destroyer
     4 | D        | Noticed a bag of meat
     4 | D        | Noticed a bag of meat
     4 | D        | Noticed a bag of meat
     4 | D        | Noticed a bag of meat
     4 | D        | Noticed a bag of meat
     5 | D        | Noticed a bag of meat
     6 | D        | Noticed a bag of meat
     6 | D        | Noticed a bag of meat
     9 | D        | Killed a bag of meat
     9 | D        | Noticed a meat berserker
    10 | D        | Reached skill level 10 in Dodging
    10 | D        | Reached XP level 2. HP: 34/34 MP: 0/0
    10 | D        | Reached XP level 3. HP: 39/39 MP: 0/0
    10 | D        | Learned a level 1 spell: Necrotise
    10 | D        | Reached XP level 4. HP: 45/45 MP: 0/0
    10 | D        | Reached XP level 5. HP: 50/50 MP: 0/0
    10 | D        | Learned a level 2 spell: Searing Ray
    10 | D        | Reached XP level 6. HP: 56/56 MP: 0/0
    10 | D        | Reached XP level 7. HP: 61/61 MP: 0/0
    10 | D        | Learned a level 2 spell: Ensorcelled Hibernation
    10 | D        | Reached XP level 8. HP: 67/67 MP: 0/0
    10 | D        | Reached XP level 9. HP: 72/72 MP: 0/0
    10 | D        | Learned a level 3 spell: Swiftness
    10 | D        | Reached XP level 10. HP: 78/78 MP: 0/0
    10 | D        | Reached XP level 11. HP: 84/84 MP: 0/0
    10 | D        | Learned a level 4 spell: Sticky Flame
    10 | D        | Killed a bag of meat
    10 | D        | Reached * piety under Makhleb
    10 | D        | Killed a bag of meat
    11 | D        | Reached skill level 10 in Axes
    11 | D        | Reached XP level 12. HP: 54/95 MP: 0/0
    11 | D        | Reached XP level 13. HP: 57/100 MP: 0/0
    11 | D        | Learned a level 5 spell: Lightning Bolt
    11 | D        | Killed a bag of meat
    11 | D        | Killed a meat berserker
    11 | D        | Reached ** piety under Makhleb
    11 | D        | Killed a bag of meat
    11 | D        | Killed a bag of meat
    12 | D        | Reached skill level 15 in Unarmed Combat
    12 | D        | Reached XP level 14. HP: 28/112 MP: 0/0
    12 | D        | Reached XP level 15. HP: 29/118 MP: 0/0
    12 | D        | Learned a level 6 spell: Dispersal
    12 | D        | Reached *** piety under Makhleb
    12 | D        | Noticed a meat berserker
    13 | D        | Reached skill level 15 in Stealth
    14 | D        | Noticed a meat berserker
    14 | D        | Noticed a meat berserker
    15 | D        | Killed a meat berserker
    15 | D        | Reached **** piety under Makhleb
    15 | D        | Noticed a meat berserker
    16 | D        | Reached XP level 16. HP: 130/130 MP: 0/0
    16 | D        | Killed a meat berserker
    17 | D        | Reached skill level 15 in Axes
    19 | D        | Noticed a destroyer
    19 | D        | Killed a meat berserker
    20 | D        | Reached XP level 17. HP: 118/139 MP: 0/0
    20 | D        | Learned a level 7 spell: Summon Hydra
    20 | D        | Noticed a meat berserker
    20 | D        | Noticed a destroyer
    21 | D        | Killed a meat berserker
    21 | D        | Reached ***** piety under Makhleb
    22 | D        | Reached skill level 15 in Spellcasting
    22 | D        | Killed a destroyer
    23 | D        | Reached XP level 18. HP: 151/151 MP: 0/0
    23 | D        | Killed a meat berserker
    24 | D        | Noticed a destroyer
    25 | D        | Reached XP level 19. HP: 159/159 MP: 0/0
    25 | D        | Learned a level 7 spell: Spellforged Servitor
    25 | D        | Killed a destroyer
    25 | D        | Reached ****** piety under Makhleb
    26 | D        | Noticed a large bag of meat
    28 | D        | Noticed an eight-headed meat hydra
    29 | D        | Reached XP level 20. HP: 171/171 MP: 0/0
    30 | D        | Killed a large bag of meat
    31 | D        | Noticed a large bag of meat
    32 | D        | Noticed a meat berserker
    36 | D        | Noticed a meat berserker
    36 | D        | Noticed a destroyer
    36 | D        | Noticed a destroyer
    36 | D        | Noticed a destroyer
    37 | D        | Noticed a destroyer
    38 | D        | Killed a nine-headed meat hydra
    38 | D        | Killed a meat berserker
    39 | D        | Reached skill level 27 in Dodging
    39 | D        | Reached XP level 21. HP: 132/182 MP: 0/0
    39 | D        | Learned a level 7 spell: Ozocubu's Refrigeration
    40 | D        | Killed a destroyer
    41 | D        | Killed a meat berserker
    43 | D        | Killed a large bag of meat
    44 | D        | Reached skill level 27 in Fighting
    44 | D        | Reached skill level 27 in Armour
    44 | D        | Reached skill level 27 in Unarmed Combat
    44 | D        | Reached skill level 27 in Invocations
    44 | D        | Noticed an accursed
    44 | D        | Killed a destroyer
    44 | D        | Killed a destroyer
    45 | D        | Reached skill level 27 in Axes
    45 | D        | Reached skill level 27 in Stealth
    45 | D        | Reached XP level 22. HP: 191/194 MP: 0/0
    47 | D        | Noticed a meat berserker
    48 | D        | Killed a meat berserker
    49 | D        | Reached skill level 27 in Spellcasting
    49 | D        | Reached XP level 23. HP: 181/201 MP: 0/0
    49 | D        | Learned a level 8 spell: Infestation
    49 | D        | Noticed a large bag of meat
    51 | D        | Reached skill level 15 in Maces & Flails
    51 | D        | Reached skill level 15 in Polearms
    51 | D        | Noticed a destroyer
    52 | D        | Noticed a large bag of meat
    53 | D        | Killed an accursed
    54 | D        | Noticed a destroyer
    54 | D        | Noticed a destroyer
    56 | D        | Reached XP level 24. HP: 208/208 MP: 0/0
    56 | D        | Killed a destroyer
    57 | D        | Killed a destroyer
    58 | D        | Reached skill level 27 in Maces & Flails
    58 | D        | Reached skill level 27 in Polearms
    59 | D        | Noticed an accursed
    60 | D        | Reached XP level 25. HP: 214/214 MP: 0/0
    60 | D        | Learned a level 8 spell: Maxwell's Capacitive Coupling
    60 | D        | Noticed a meat beast
    61 | D        | Noticed a tyrant
    62 | D        | Killed a meat beast
    62 | D        | Killed a large bag of meat
    63 | D        | Reached skill level 27 in Staves
    63 | D        | Reached XP level 26. HP: 216/221 MP: 0/0
    63 | D        | Noticed a tyrant
    64 | D        | Noticed a meat beast
    65 | D        | Reached skill level 15 in Short Blades
    65 | D        | Reached skill level 15 in Long Blades
    67 | D        | Reached skill level 15 in Ranged Weapons
    67 | D        | Reached skill level 15 in Throwing
    67 | D        | Killed a meat beast
    68 | D        | Reached XP level 27. HP: 228/228 MP: 0/0
    68 | D        | Learned a level 9 spell: Death's Door
    70 | D        | Killed a large bag of meat
    70 | D        | Killed a destroyer
    70 | D        | Noticed a destroyer
    70 | D        | Noticed a destroyer
    72 | D        | Killed a tyrant
    73 | D        | Killed a tyrant
    73 | D        | Noticed a destroyer
    74 | D        | Noticed a destroyer
    75 | D        | Reached skill level 27 in Shields
    75 | D        | Reached skill level 27 in Evocations
    75 | D        | Noticed a large bag of meat
    77 | D        | Killed a destroyer
    77 | D        | Noticed an accursed
    78 | D        | Reached skill level 27 in Short Blades
    78 | D        | Reached skill level 27 in Long Blades
    78 | D        | Killed from afar by a wretched soul

Illustrated notes

Levels and vault maps discovered:
D:        meatsprint

Skill      XL: |  1  2  3  4  5  6  7  8  9 10 11 12 13 14 15 16 17 18 19 20 21 22 23 24 25 26 27 |
---------------+----------------------------------------------------------------------------------+-----
Fighting       | 9 11 14 16 18 20 21 23 25 27 | 27.0
Axes           | 8 10 12 14 15 17 18 20 21 27 | 27.0
Armour         | 9 11 14 17 18 20 21 23 25 27 | 27.0
Dodging        | 10 13 16 18 20 22 23 25 27 | 27.0
Stealth        | 8 11 13 15 17 19 20 21 23 27 | 27.0
Unarmed Combat | 9 12 15 17 18 20 21 23 25 27 | 27.0
Spellcasting   | 8 9 12 13 14 16 17 19 20 25 27 | 27.0
Invocations    | 9 11 14 16 18 20 21 23 25 27 | 27.0
Maces & Flails | 11 23 27 | 27.0
Polearms       | 11 23 27 | 27.0
Staves         | 19 27 | 27.0
Short Blades   | 12 21 27 | 27.0
Long Blades    | 12 21 27 | 27.0
Ranged Weapons | 11 19 25 | 25.4
Throwing       | 11 19 25 | 25.4
Shields        | 13 22 27 | 27.0
Evocations     | 13 22 27 | 27.0

Action                     |  1- 3 |  4- 6 |  7- 9 | 10-12 | 13-15 | 16-18 | 19-21 | 22-24 | 25-27 || total
---------------------------+-------+-------+-------+-------+-------+-------+-------+-------+-------++-------
  Melee: Executioner's axe |     1 |       |       |     1 |     3 |     6 |    11 |     9 |    14 ||    45
    Use: Potion            |       |       |       |       |       |       |     1 |       |       ||     1
  Dodge: Dodged            |       |       |       |       |     1 |     1 |       |       |     1 ||     3

Table legend: (Time is in decaauts)
 A = Elapsed time spent in this place.
 B = Non-inter-level travel time spent in this place.
 C = Inter-level travel time spent in this place.
 D = Time resting spent in this place.
 E = Time spent auto-exploring this place.
 F = Levels seen in this place.
 G = Mean time per level.
                   A        B        C        D        E       F      G
               +--------+--------+--------+--------+--------+-----+--------+
         Total |     71 |     71 |      0 |      0 |      0 |   1 |   71.0 |
       Dungeon |     71 |     71 |      0 |      0 |      0 |   1 |   71.0 |
               +--------+--------+--------+--------+--------+-----+--------+

Top non-repeatable levels by time:
       D: 71 daAuts
